 Dungeon Crawl Stone Soup version 0.30.0 (webtiles) character file.

Game seed: 11103767698752805711

1617943 PhillyD the Impregnable (level 26, 264/264 HPs)
             Began as a Hill Orc Fighter on Nov 25, 2023.
             Was a High Priest of Okawaru.
             Escaped with the Orb
             ... and 3 runes on Nov 26, 2023!
             The game lasted 03:20:13 (70968 turns).

PhillyD the Impregnable (Hill Orc Fighter)         Turns: 70968, Time: 03:20:14

Health: 264/264    AC: 60    Str: 49    XL:     26   Next: 78%
Magic:  35/35      EV: 13    Int:  9    God:    Okawaru [*****.]
Gold:   3966       SH: 32    Dex:  7    Spells: 25/25 levels left

rFire   + . .        H - +18 lance "Wyrmbane" {slay drac, rPois rF+ rC+ AC+3}
rCold   + . .        K - +7 tower shield
rNeg    + + .        b - +8 crystal plate armour of Magic {+Inv rCorr Str+7 Dex-5}
rPois   +            d - +2 helmet
rElec   +            T - +2 cloak
rCorr   +            B - +0 pair of gloves of Beogh, Changing {rC+ Will- Slay+3 Stlth+}
SInv    .            S - +2 pair of boots of Rationality {rElec Str+5}
Will    .....        p - amulet of Mipp {Reflect rN++ SH+5} Stlth
                     h - ring "Jeiseib" {AC+4 Dex+3}
HPRegen 0.64/turn    E - ring of Fischimu {Fire Contam Str+2 Int+2 Slay+5}
MPRegen 0.24/turn

%: reflection
@: finesse-ful, studying Transmutations
A: talons 1, strong 1, heat vulnerability 1, MP-powered wands
0: Orb of Zot
}: 3/15 runes: decaying, serpentine, silver
a: Renounce Religion, Evoke Invisibility, Heroism, Finesse, Duel


You escaped.
You worshipped Okawaru.
Okawaru was extremely pleased with you.
You visited 10 branches of the dungeon, and saw 47 of its levels.
You also visited: Sewer and Ossuary.

You collected 8071 gold pieces.
You spent 4105 gold pieces at shops.

Inventory:

Hand Weapons
 H - the +18 lance "Wyrmbane" (weapon) {slay drac, rPois rF+ rC+ AC+3}
   (You acquired it on level 9 of the Dungeon)

   AC:        It affects your AC (+3).
   rF:        It protects you from fire.
   rC:        It protects you from cold.
   rPois:     It protects you from poison.
Armour
 b - the +8 crystal plate armour of Magic (worn) {+Inv rCorr Str+7 Dex-5}
   (You took it off a rakshasa on level 9 of the Dungeon)

   Str:       It affects your strength (+7).
   Dex:       It affects your dexterity (-5).
   +Inv:      It lets you turn invisible.
   rCorr:     It protects you from acid and corrosion.
 d - a +2 helmet (worn)
 B - the +0 pair of gloves of Beogh, Changing (worn) {rC+ Will- Slay+3 Stlth+}
   (You bought it in a shop on level 2 of the Orcish Mines)

   Slay:      It affects your accuracy & damage with ranged weapons and melee
   (+3).
   rC:        It protects you from cold.
   Will:      It decreases your willpower.
   Stlth:     It makes you more stealthy.
 K - a +7 tower shield (worn)
 S - the +2 pair of boots of Rationality (worn) {rElec Str+5}
   (Okawaru gifted it to you on level 4 of the Lair of Beasts)

   Str:       It affects your strength (+5).
   rElec:     It insulates you from electricity.
 T - a +2 cloak (worn)
Jewellery
 a - a ring of protection from fire
 c - the ring "Zaj Iwna" {Ice MP-9 Slay+6}
   (You acquired it on level 1 of the Depths)

   [ring of ice]

   It enhances your ice magic.
   Slay:      It affects your accuracy & damage with ranged weapons and melee
   (+6).
   rF:        It makes you vulnerable to fire.
   rC:        It protects you from cold.
   MP:        It affects your magic capacity (-9).
 h - the ring "Jeiseib" (left hand) {AC+4 Dex+3}
   (You bought it in a shop on level 2 of the Orcish Mines)

   [ring of protection]

   AC:        It affects your AC (+4).
   Dex:       It affects your dexterity (+3).
 p - the amulet of Mipp (around neck) {Reflect rN++ SH+5}
   (You bought it in a shop on level 3 of the Snake Pit)

   [amulet of reflection]

   It reflects blocked missile attacks.
   rN:        It greatly protects you from negative energy.
   SH:        It affects your SH (+5).
 v - a ring of positive energy
 D - a ring of fire
 E - the ring of Fischimu (right hand) {Fire Contam Str+2 Int+2 Slay+5}
   (You bought it in a shop on level 3 of the Snake Pit)

   [ring of fire]

   It enhances your fire magic.
   Str:       It affects your strength (+2).
   Int:       It affects your intelligence (+2).
   Slay:      It affects your accuracy & damage with ranged weapons and melee
   (+5).
   rF:        It protects you from fire.
   rC:        It makes you vulnerable to cold.
   Contam:    It causes magical contamination when unequipped.
 G - a +4 ring of slaying
 J - a ring of wizardry
 L - an amulet of reflection
 O - an amulet of faith
 P - a ring of flight
 Q - an amulet of regeneration
 W - a ring of protection from cold
 Z - an amulet of guardian spirit
Wands
 e - a wand of quicksilver (14)
 i - a wand of mindburst (8)
 j - a wand of flame (85) (quivered)
 n - a wand of digging (18)
 x - a wand of roots (7)
 z - a wand of paralysis (22)
Scrolls
 w - 7 scrolls of teleportation
 A - a scroll of blinking
 C - 3 scrolls of enchant weapon
 F - 2 scrolls of magic mapping
 I - 4 scrolls of silence
 M - 13 scrolls of poison
 N - 10 scrolls of fog
 V - 7 scrolls of fear
Potions
 k - a potion of magic
 l - 5 potions of invisibility
 m - 15 potions of mutation
 q - 4 potions of curing
 s - 10 potions of brilliance
 t - 7 potions of cancellation
 u - 2 potions of flight
 R - 3 potions of ambrosia
 X - 4 potions of berserk rage
 Y - 2 potions of might


   Skills:
 + Level 26.4 Fighting
 - Level 8.2(11.7) Axes
 - Level 11.1(12.0) Polearms
 + Level 26.8 Armour
 + Level 17.7 Dodging
 + Level 22.6 Shields
 - Level 17.2 Invocations


You had 25 spell levels left.
You didn't know any spells.
Your spell library contained the following spells:

 Spells                   Type           Power      Damage    Failure   Level
 Beastly Appendage        Tmut           0%         N/A       80%         1
 Magic Dart               Conj           0%         1d3       80%         1
 Sandblast                Erth           0%         2d4       80%         1
 Shock                    Conj/Air       0%         1d3       80%         1
 Sting                    Tmut/Pois      0%         1d3       80%         1
 Blink                    Tloc           0%         N/A       91%         2
 Ensorcelled Hibernation  Hex/Ice        0%         N/A       91%         2
 Lesser Beckoning         Tloc           0%         N/A       91%         2
 Momentum Strike          Conj/Tloc      0%         3d8       91%         2
 Passwall                 Tmut/Erth      0%         N/A       91%         2
 Poisonous Vapours        Pois/Air       0%         N/A       91%         2
 Scorch                   Fire           0%         2d5       91%         2
 Searing Ray              Conj           0%         2d4       91%         2
 Wereblood                Tmut           0%         N/A       91%         2
 Hailstorm                Conj/Ice       0%         3d3       99%         3
 Ignite Poison            Fire/Tmut/Pois 0%         N/A       99%         3
 Inner Flame              Hex/Fire       0%         N/A       99%         3
 Mephitic Cloud           Conj/Pois/Air  0%         N/A       99%         3
 Spider Form              Tmut/Pois      0%         N/A       99%         3
 Stone Arrow              Conj/Erth      0%         3d7       99%         3
 Swiftness                Air            0%         N/A       99%         3
 Vhi's Electric Charge    Tloc/Air       0%         N/A       99%         3
 Airstrike                Air            0%         2d(0-16)  100%        4
 Anguish                  Hex/Necr       0%         N/A       100%        4
 Flame Wave               Conj/Fire      0%         2d4       100%        4
 Fulminant Prism          Conj/Hex       0%         3d5       100%        4
 Ice Form                 Ice/Tmut       0%         N/A       100%        4
 Leda's Liquefaction      Hex/Erth       0%         N/A       100%        4
 Petrify                  Tmut/Erth      0%         N/A       100%        4
 Sticky Flame             Conj/Fire      0%         2d3       100%        4
 Arcjolt                  Conj/Air       0%         1d10      100%        5
 Blade Hands              Tmut           0%         N/A       100%        5
 Freezing Cloud           Conj/Ice/Air   0%         6-21      100%        5
 Irradiate                Conj/Tmut      0%         3d11      100%        5
 Lee's Rapid Deconstruct  Erth           0%         3d4*      100%        5
 Silence                  Hex/Air        0%         N/A       100%        5
 Iron Shot                Conj/Erth      0%         9d1       100%        6
 Statue Form              Tmut/Erth      0%         N/A       100%        6
 Dragon Form              Tmut           0%         N/A       100%        7
 Enfeeble                 Hex            0%         N/A       100%        7
 Borgnjor's Revivificati  Necr           0%         N/A       100%        8
 Lehudib's Crystal Spear  Conj/Erth      0%         10d2      100%        8
 Maxwell's Capacitive Co  Air            0%         ∞         100%        8
 Necromutation            Tmut/Necr      0%         N/A       100%        8
 Chain Lightning          Conj/Air       0%         N/A       100%        9
 Death's Door             Necr           0%         N/A       100%        9
 Fire Storm               Conj/Fire      0%         5d1       100%        9
 Shatter                  Erth           0%         3d5*      100%        9
 Animate Armour           Summ/Erth      Unusable   N/A       N/A         4
 Simulacrum               Ice/Necr       Unusable   N/A       N/A         6
 Summon Cactus Giant      Summ           Unusable   N/A       N/A         6
 Spellforged Servitor     Conj/Summ      Unusable   N/A       N/A         7

Dungeon Overview and Level Annotations

Branches:
Dungeon (15/15)            Temple (1/1) D:7            Lair (5/5) D:9
  Swamp (4/4) Lair:2        Snake (4/4) Lair:2        Slime (0/5) Lair:4
    Orc (2/2) D:9             Elf (2/3) Orc:2        Vaults (5/5) D:13
  Crypt (0/3) Vaults:2     Depths (4/4) D:15            Zot (5/5) Depths:4
  Sewer (visited)         Ossuary (visited)

Altars:
Ashenzari
Cheibriados
Dithmenos
Elyvilon
Fedhas
Gozag
Hepliaklqana
Kikubaaqudgha
Makhleb
Nemelex Xobeh
Okawaru
Qazlal
Ru
Sif Muna
Trog
Uskayaw
Vehumet
Wu Jian
Xom
Yredelemnul
Zin
The Shining One
Beogh
Lugonu

Shops:
Orc:1 [   Orc:2 [!?=   Elf:2 *   Snake:2 *   Snake:3 =   Vaults:4 =
Depths:4 =

Portals:
Hell: Depths:1 Depths:2 Depths:3 Depths:4
Abyss: Depths:1 Depths:3
Pandemonium: Depths:2
Ziggurat: Depths:4

Annotations:
Snake:3 6 transporters


Innate Abilities, Weirdness & Mutations

You have sharp toenails.
Your muscles are strong. (Str +4, Int/Dex -1)
You are vulnerable to heat. (rF-)
You expend magic power (3 MP) to strengthen your wands.


Message History

The jackal's corpse dissolves into shadows!
You impale the jackal!!
You kill the jackal!
The jackal's corpse dissolves into shadows!
A ball python is nearby!
You block the ball python's attack. The ball python barely misses you.
You skewer the ball python like a kebab!!!
You kill the ball python!
The ball python's corpse dissolves into shadows!
The shadow demon gestures.
A shadow demon is nearby!
The shadow demon gestures.
The shadow demon gestures.
The goblin dissolves into shadows!
The kobold throws a stone.
You block the stone with an invisible shield... and reflect it back!
The stone barely misses the kobold.
The stone hits the endoplasm.
The kobold throws a stone.
You block the stone with an invisible shield... and reflect it back!
The stone misses the kobold.
A shadow demon is nearby!
A shadow demon is nearby!
You can now deal lightning-fast blows.
You feel very buoyant.
You fly up into the air.
You block the rat's attack. The rat attacks as you move away!
You block the rat's attack. The rat attacks as you move away!
You block the rat's attack. The rat attacks as you move away!
You block the rat's attack.
You are starting to lose your buoyancy.
The rat attacks as you move away! You block the rat's attack.
The rat attacks as you move away! You block the rat's attack.
You float gracefully downwards.
The rat attacks as you move away! The rat barely misses you.
The rat attacks as you move away! You block the rat's attack.
The rat attacks as you move away! You block the rat's attack.
The rat attacks as you move away! You block the rat's attack.
There is a staircase leading out of the dungeon here.
You block the rat's attack.
You have escaped!

♣.♣♣♣ ♣♣.♣♣♣. ♣.♣
♣♣♣.♣♣ ♣♣ ♣.♣♣
♣♣♣..♣♣ ♣ ♣.J♣
♣..♣♣♣ ♣♣.♣♣ ♣.♣♣
♣♣2.♣♣ ♣♣.♣♣
♣♣♣..♣.♣ ♣♣.♣ ♣♣
♣...r..♣ ♣♣.♣♣ ♣≈
♣♣..@..♣♣♣♣♣.♣.♣
♣≈≈≈
♣♣...P..♣....♣♣♣≈≈≈
♣♣♣♣♣♣P.♣P♣♣♣ ♣ ≈
♣♣♣♣♣♣


You could see a shadow demon, an endoplasm (summoned) and a rat (summoned).

Vanquished Creatures
  2 dread liches (Vaults:5)
  2 orbs of fire (Zot:5)
  3 ancient liches
  Mennas (Depths:3)
  Vv (Depths:3)
  Sojobo (Vaults:4)
  7 Killer Klowns (Zot:5)
  Bai Suzhen (Snake:4)
  Saint Roka (Depths:1)
  Margery (Vaults:4)
  2 curse toes (Zot:3)
  4 caustic shrikes (Depths:4)
  9 golden dragons
  Jory (Vaults:4)
  the Enchantress (Depths:3)
  A bone dragon (Depths:4)
  A Brimstone Fiend (D:15)
  4 electric golems
  Zenata (Vaults:1)
  Rupert (Vaults:4)
  9 tentacled monstrosities
  6 liches
  2 deep elf blademasters (Elf:2)
  20 Orb Guardians
  3 titans (Vaults:5)
  9 quicksilver dragons
  4 death cobs
  4 thorn hunters
  5 sphinxes
  Frances (Swamp:1)
  Roxanne (Snake:4)
  11 tengu reavers
  4 shadow dragons
  10 storm dragons
  4 draconian monks
  An azure jelly (Lair:5)
  Donald (Elf:2)
  5 nagarajas
  11 fire giants
  2 rockslimes (Lair:5)
  A fenstrider witch (Swamp:3)
  3 iron dragons
  Louise (Elf:1)
  3 draconian knights
  A deep elf sorcerer (Elf:1)
  8 draconian scorchers
  3 frost giants
  An emperor scorpion (shapeshifter) (Vaults:5)
  13 vault wardens
  3 draconian shifters
  22 very ugly things
  Aizul (Snake:4)
  3 draconian stormcallers
  21 ironbound preservers
  A reaper (Zot:5)
  2 orc warlords
  2 balrugs
  6 draconian annihilators
  A war gargoyle (Vaults:3)
  A caustic shrike skeleton (Depths:1)
  A juggernaut skeleton (Depths:2)
  4 spriggan defenders
  A quicksilver ooze (Lair:5)
  8 ironbound thunderhulks
  2 vampire knights
  20 stone giants
  2 deep elf demonologists
  12 green draconians
  4 black draconians
  3 deep elf annihilators (Vaults:5)
  11 red draconians
  3 bunyips
  7 eleionomae
  9 dire elephants
  6 yellow draconians
  7 spark wasps
  8 purple draconians
  17 white draconians
  3 crystal guardians
  9 ettins
  2 deep elf death magi (Vaults:5)
  10 fire dragons
  15 yaktaur captains
  2 entropy weavers
  2 shambling mangroves (Swamp:4)
  9 great orbs of eyes
  2 jiangshi
  36 vault guards
  3 spriggan air magi
  5 ice dragons
  4 rakshasas
  3 peacekeepers
  A hell beast (D:11)
  4 salamander tyrants
  8 ironbound frosthearts
  Harold (Orc:1)
  5 anacondas
  8 boulder beetles
  A ghost crab (Lair:2)
  A catoblepas (Lair:4)
  A death knight (D:13)
  3 ogre magi (Vaults:5)
  26 hydras
  3 two-headed ogres
  22 centaur warriors
  12 deep troll earth magi
  30 dancing weapons
  13 alligators
  6 deep troll shamans
  A satyr (shapeshifter) (Vaults:5)
  3 death yaks (D:9)
  12 naga warriors
  3 vampire magi (Depths:2)
  11 tengu warriors
  12 shock serpents
  A hell hog (Depths:2)
  14 deep elf knights
  5 orc high priests (Orc:2)
  7 spriggan berserkers
  Urug (D:13)
  20 naga sharpshooters
  A titan zombie (Vaults:2)
  A soul eater (Depths:2)
  4 hell knights
  2 skysharks
  5 skeletal warriors
  2 iron trolls (Depths:1)
  6 salamander mystics
  A fire crab (shapeshifter) (D:14)
  A death drake (Swamp:1)
  A flayed ghost (Vaults:5)
  2 goliath frogs (shapeshifter)
  58 deep trolls
  5 goliath frogs
  A large abomination (D:9)
  4 glowing orange brains
  A storm dragon skeleton (Vaults:4)
  A spark wasp zombie (Depths:2)
  5 spriggan druids
  7 bog bodies
  An obsidian statue (Swamp:3)
  6 phantasmal warriors
  8 naga ritualists
  6 deep elf archers
  10 swamp dragons
  8 harpies
  14 orc knights
  6 wizards
  19 ironbound convokers
  18 deep elf zephyrmancers
  23 lindwurms
  Pikel (D:6)
  17 deep elf pyromancers
  A shining eye (shapeshifter) (D:9)
  10 necromancers
  4 will-o-the-wisps
  5 cyclopes
  A frost giant zombie (Depths:2)
  42 ugly things
  An orc sorcerer (Orc:2)
  A fire giant zombie (Depths:2)
  7 mana vipers
  2 wolf spiders
  6 manticores
  3 elephants (Lair:5)
  A stone giant skeleton (Depths:2)
  A black mamba (shapeshifter) (D:15)
  A toenail golem (D:15)
  9 moths of wrath
  21 salamanders
  23 vault sentinels
  6 smoke demons
  An elephant (shapeshifter) (Elf:2)
  A guardian serpent (Snake:4)
  21 naga magi
  5 torpor snails (Lair:5)
  5 gargoyles
  An orange demon (D:14)
  14 cane toads
  35 black mambas
  3 unseen horrors
  9 rime drakes
  3 yaktaur zombies
  3 efreet
  2 spriggan zombies
  6 komodo dragons
  9 tengu conjurers
  36 yaktaurs
  4 freezing wraiths
  2 human skeletons
  A golden dragon simulacrum (Depths:2)
  A hellwing (Depths:3)
  5 polar bears
  3 meliai (D:13)
  12 trolls
  20 hornets
  15 blink frogs
  15 tyrant leeches
  A dream sheep (Lair:2)
  An ettin zombie (Vaults:2)
  A jumping spider (shapeshifter) (D:14)
  A spectral black mamba (Lair:2)
  2 centaur simulacra
  2 culicivoras (shapeshifter)
  Sigmund (D:2)
  41 yaks
  27 slime creatures
  11 spriggans
  An air elemental (Elf:1)
  5 water elementals
  5 basilisks
  5 wyverns
  3 fire elementals
  A shadow (D:13)
  3 wraiths
  A basilisk (shapeshifter) (Elf:1)
  2 fire bats (Depths:2)
  3 wargs
  A redback (shapeshifter) (Vaults:2)
  3 steam dragons
  10 vampire mosquitoes
  Menkaure (D:7)
  15 swamp worms
  42 nagas
  5 acid dragons
  12 water moccasins
  A floating eye (Depths:1)
  3 black bears
  A glowing shapeshifter skeleton (Vaults:2)
  2 sky beasts (D:7)
  A sky beast (shapeshifter) (D:13)
  A black bear (shapeshifter) (Vaults:5)
  A spectral blink frog (Lair:2)
  14 swamp drakes
  An ettin simulacrum (Vaults:5)
  An ice beast (D:6)
  38 orc warriors
  13 centaurs
  5 ogres
  A boggart (Vaults:1)
  12 wolves
  A lemure (D:6)
  7 elf zombies
  2 kobold brigands
  A gnoll sergeant (Orc:2)
  11 bullfrogs
  A spectral water moccasin (Lair:2)
  An earth elemental (Elf:1)
  A scorpion (D:5)
  3 wights (D:8)
  12 killer bees
  6 howler monkeys
  12 electric eels
  3 lava snakes (Lair:2)
  2 hounds (D:4)
  4 human zombies
  14 jellies
  26 orc priests
  Crazy Yiuf (D:2)
  Jessica (D:3)
  3 gnoll boudas
  5 iguanas
  3 sleepcaps
  24 orc wizards
  Natasha (thrice) (D:2)
  A hell rat (Sewer)
  3 mummies
  Robin (D:3)
  17 gnolls
  10 adders
  2 river rats
  A shadow imp (D:7)
  An ufetubus (D:6)
  An adder zombie (Ossuary)
  2 worms
  2 dart slugs
  77 orcs
  7 endoplasms
  4 giant cockroaches
  5 hobgoblins
  5 quokkas
  2 ball pythons
  6 bats
  3 frilled lizards
  27 goblins
  A goblin zombie (Ossuary)
  11 hobgoblin zombies (Ossuary)
  3 jackal zombies (Ossuary)
  15 kobolds
  8 kobold zombies (Ossuary)
  6 orc zombies (Ossuary)
  9 rats
2020 creatures vanquished.

Vanquished Creatures (others)
  A dread lich (Zot:5)
  A thorn hunter (Swamp:3)
  A ghost moth (Zot:1)
  A draconian knight (Zot:1)
  2 spriggan berserkers (Swamp:3)
  A wizard (Vaults:1)
  A black mamba (Snake:4)
  A bloated husk (Swamp:2)
  A hornet (Swamp:4)
  A spriggan (Depths:3)
  A jelly (D:7)
  An orc wizard (D:9)
  2 kobolds (D:7)
  A briar patch (Swamp:3)
  8 foxfires
  25 fungi
  73 plants
  11 toadstools (Lair:2)
133 creatures vanquished.

Grand Total: 2153 creatures vanquished

Notes
Turn   | Place    | Note
-------+----------+-------------------------------------------
     0 | D:1      | PhillyD the Hill Orc Fighter began the quest for the Orb.
     0 | D:1      | Reached XP level 1. HP: 19/19 MP: 1/1
   210 | D:1      | Reached XP level 2. HP: 27/27 MP: 2/2
   798 | D:2      | Noticed an ogre
   805 | D:2      | Killed an ogre
   806 | D:2      | Reached skill level 1 in Dodging
   806 | D:2      | Reached XP level 3. HP: 34/34 MP: 3/3
   806 | D:2      | Reached XP level 4. HP: 41/41 MP: 4/4
   876 | D:2      | Reached XP level 5. HP: 47/47 MP: 5/5
   882 | D:2      | Noticed Natasha
   903 | D:2      | Killed Natasha
  1100 | D:2      | Noticed Natasha
  1105 | D:2      | Killed Natasha
  1127 | D:2      | Reached skill level 5 in Fighting
  1132 | D:2      | Found an ancient bone altar of Kikubaaqudgha.
  1133 | D:2      | Noticed Sigmund
  1136 | D:2      | Identified the +3 broad axe "Veibogaidd" {heavy, rElec
                  | Str+4 Dex+2 SInv}
  1142 | D:2      | Killed Sigmund
  1143 | D:2      | blake: sup
  1143 | D:2      | Reached XP level 6. HP: 56/56 MP: 6/6
  1190 | D:2      | Reached skill level 5 in Armour
  1326 | D:2      | Noticed Natasha
  1332 | D:2      | Killed Natasha
  1427 | D:2      | Found a runed translucent door.
  1428 | D:2      | Noticed Crazy Yiuf
  1437 | D:2      | Killed Crazy Yiuf
  1595 | D:2      | Found a faded altar of an unknown god.
  1687 | D:3      | Found a blossoming altar of Fedhas.
  1926 | D:3      | Noticed Robin
  2004 | D:3      | Noticed Jessica
  2006 | D:3      | Reached XP level 7. HP: 62/62 MP: 7/7
  2007 | D:3      | Reached skill level 1 in Axes
  2010 | D:3      | Killed Robin
  2015 | D:3      | Killed Jessica
  3318 | D:4      | Reached XP level 8. HP: 71/71 MP: 8/8
  3477 | D:5      | Entered Level 5 of the Dungeon
  3609 | D:5      | Reached skill level 5 in Shields
  3679 | D:5      | Found a sand-covered staircase.
  3687 | Ossuary  | Entered an ossuary
  4462 | D:5      | Reached XP level 9. HP: 70/81 MP: 9/9
  4566 | D:6      | Noticed Pikel
  4599 | D:6      | Killed Pikel
  4719 | D:6      | Reached skill level 5 in Axes
  4908 | D:6      | Found a glowing drain.
  4913 | Sewer    | Entered a sewer
  5197 | D:7      | Found an opulent altar of Gozag.
  5198 | D:7      | Found an ancient bone altar of Kikubaaqudgha.
  5199 | D:7      | Found an ornate altar of the Wu Jian Council.
  5199 | D:7      | Found a glowing golden altar of the Shining One.
  5199 | D:7      | Found a sacrificial altar of Ru.
  5420 | D:7      | Found a stormy altar of Qazlal.
  5420 | D:7      | Found a broken altar of Ashenzari.
  5421 | D:7      | Found a sparkling altar of Nemelex Xobeh.
  5698 | D:7      | Reached XP level 10. HP: 91/91 MP: 10/10
  5750 | D:7      | Found a staircase to the Ecumenical Temple.
  5798 | Temple   | Entered the Ecumenical Temple
  5822 | Temple   | Became a worshipper of Warmaster Okawaru
  5879 | D:7      | Noticed Menkaure
  5886 | D:7      | Killed Menkaure
  6440 | D:7      | Noticed a deep elf zephyrmancer
  6450 | D:7      | Killed a deep elf zephyrmancer
  6451 | D:7      | Reached skill level 10 in Fighting
  6763 | D:8      | Reached * piety under Okawaru
  6875 | D:8      | Noticed a two-headed ogre
  6883 | D:8      | Killed a two-headed ogre
  7078 | D:8      | Reached ** piety under Okawaru
  7125 | D:8      | Reached skill level 10 in Armour
  7550 | D:9      | Noticed a two-headed ogre
  7577 | D:8      | Reached skill level 5 in Dodging
  7737 | D:9      | Killed a two-headed ogre
  7738 | D:9      | Reached XP level 11. HP: 102/102 MP: 8/11
  7831 | D:9      | Found a staircase to the Orcish Mines.
  7897 | D:9      | Noticed a rakshasa
  8107 | D:9      | Noticed a death yak
  8109 | D:9      | Noticed a death yak
  8118 | D:9      | Killed a death yak
  8126 | D:9      | Killed a death yak
  8126 | D:9      | Reached *** piety under Okawaru
  8305 | D:9      | Found a staircase to the Lair.
  8305 | D:9      | Noticed a death yak
  8322 | D:9      | Killed a death yak
  8325 | D:9      | Received a gift from Okawaru
  8463 | D:9      | Found a transporter.
  8466 | D:9      | Found a transporter.
  8466 | D:9      | Noticed a deep elf pyromancer
  8540 | D:9      | Identified a scroll of acquirement
  8540 | D:9      | Acquired the +8 lance "Wyrmbane" {slay drac, rPois rF+ rC+
                  | AC+3}
  8540 | D:9      | Found the +8 lance "Wyrmbane" {slay drac, rPois rF+ rC+
                  | AC+3}
  8588 | D:9      | Noticed a boulder beetle
  8740 | D:9      | Identified the +9 short sword "Hill Orc's Doom" {freeze,
                  | rPois Str-5 Dex+4}
  8779 | D:9      | Identified the +8 halberd of Proximity {freeze, Dex+2}
  8779 | D:9      | Identified the +8 crystal plate armour of Magic {+Inv rCorr
                  | Str+7 Dex-5}
  8892 | D:10     | Entered Level 10 of the Dungeon
  9499 | D:10     | Noticed a centaur warrior
  9518 | D:10     | Killed a centaur warrior
  9518 | D:10     | Reached **** piety under Okawaru
 10517 | D:9      | Noticed a death drake
 10519 | D:9      | a death drake changed into a water nymph
 10532 | Lair:1   | Entered Level 1 of the Lair of Beasts
 10986 | Lair:1   | Reached XP level 12. HP: 113/113 MP: 12/12
 11053 | Lair:1   | You fall into a shaft and drop 1 floor!
 11077 | Lair:2   | Reached skill level 5 in Polearms
 11116 | Lair:2   | Noticed a skyshark
 11131 | Lair:2   | Killed a skyshark
 11166 | Lair:2   | Noticed a seven-headed hydra
 11189 | Lair:2   | Killed a seven-headed hydra
 11595 | Lair:2   | Found a staircase to the Snake Pit.
 11702 | Lair:2   | Reached ***** piety under Okawaru
 12500 | Lair:2   | Noticed a dire elephant
 12522 | Lair:2   | Found a runed translucent door.
 12990 | Lair:2   | Found a staircase to the Swamp.
 12990 | Lair:2   | Noticed a ghost crab
 13030 | Lair:2   | Killed a ghost crab
 13364 | Lair:2   | Identified the +3 broad axe "Sijomerch" {freeze, Fly rN+}
                  | (Okawaru gifted it to you on level 2 of the Lair of Beasts)
 13364 | Lair:2   | Received a gift from Okawaru
 13617 | Lair:2   | Killed a dire elephant
 14762 | Lair:4   | Reached XP level 13. HP: 124/124 MP: 10/13
 14919 | Lair:4   | Found a staircase to the Slime Pits.
 16183 | Lair:5   | Entered Level 5 of the Lair of Beasts
 16202 | Lair:4   | Reached skill level 10 in Shields
 16602 | Lair:4   | Identified the +2 pair of boots of Rationality {rElec
                  | Str+5} (Okawaru gifted it to you on level 4 of the Lair of
                  | Beasts)
 16602 | Lair:4   | Received a gift from Okawaru
 16816 | Lair:5   | Reached skill level 15 in Fighting
 17338 | Lair:5   | Noticed a rockslime
 17378 | Lair:5   | Killed a rockslime
 17569 | Lair:5   | Reached skill level 10 in Polearms
 17569 | Lair:5   | Reached XP level 14. HP: 132/135 MP: 11/14
 17655 | Lair:5   | Noticed a rockslime
 17656 | Lair:5   | Noticed a quicksilver ooze
 17656 | Lair:5   | Noticed an azure jelly
 17691 | Lair:5   | Killed a quicksilver ooze
 17860 | Lair:5   | Identified the +1 scale mail of the Scribe {rCorr Str+5}
                  | (Okawaru gifted it to you on level 5 of the Lair of Beasts)
 17860 | Lair:5   | Received a gift from Okawaru
 17905 | Lair:5   | Killed an azure jelly
 17976 | Lair:5   | Killed a rockslime
 18343 | Lair:5   | Found a runed translucent door.
 19140 | Lair:5   | Identified the +6 hand axe "Loopy" {flame, Will++ Str+4}
 20039 | D:11     | Reached skill level 1 in Invocations
 21391 | D:12     | Identified the +0 cloak "Hutreh" {Will+ Int+4} (Okawaru
                  | gifted it to you on level 12 of the Dungeon)
 21391 | D:12     | Received a gift from Okawaru
 21469 | D:12     | Identified the +6 plate armour of Integrity {Int+2}
 21767 | D:9      | Gained mutation: You occasionally lose the ability to read
                  | scrolls when taking damage. [a shining eye]
 21769 | D:9      | Reached XP level 15. HP: 106/145 MP: 14/17
 22424 | D:13     | Noticed Urug
 22434 | D:13     | Killed Urug
 22629 | D:13     | Reached skill level 5 in Invocations
 23210 | D:13     | Found a gate to the Vaults.
 23650 | D:13     | Reached ****** piety under Okawaru
 23873 | D:14     | Identified the +9 broad axe of Okawaru {speed, rN+ Int+2}
                  | (Okawaru gifted it to you on level 14 of the Dungeon)
 23873 | D:14     | Received a gift from Okawaru
 24065 | D:14     | Found a burning altar of Makhleb.
 24065 | D:14     | Noticed a balrug
 24872 | D:15     | Entered Level 15 of the Dungeon
 24914 | D:14     | Reached skill level 15 in Armour
 25055 | D:14     | Received a gift from Okawaru
 25183 | D:15     | Identified the +2 buckler "Feisuy" {Str+2} (Okawaru gifted
                  | it to you on level 15 of the Dungeon)
 25183 | D:15     | Received a gift from Okawaru
 25547 | D:15     | Reached XP level 16. HP: 155/155 MP: 14/21
 25799 | D:15     | Found a staircase to the Depths.
 26176 | Orc:1    | Entered Level 1 of the Orcish Mines
 26289 | Orc:1    | Found a roughly hewn altar of Beogh.
 26342 | Orc:1    | Found Socemuvo's Antique Armour Shop.
 26491 | Orc:1    | You fall into a shaft and drop 1 floor!
 26491 | Orc:2    | Entered Level 2 of the Orcish Mines
 26588 | Orc:1    | Noticed Harold
 26605 | Orc:1    | Killed Harold
 26820 | Orc:2    | Found Liduax's Antique Armour Shop.
 26880 | Orc:2    | Bought a pair of shimmering gloves for 247 gold pieces
 26880 | Orc:2    | Identified the +0 pair of gloves of Beogh, Changing {rC+
                  | Will- Slay+3 Stlth+} (You bought it in a shop on level 2 of
                  | the Orcish Mines)
 27173 | Orc:2    | Found a staircase to the Elven Halls.
 27853 | Orc:2    | Received a gift from Okawaru
 27878 | Orc:2    | Gained mutation: You are frail. (-10% HP) [a neqoxec]
 28194 | Orc:2    | Found Miap's Jewellery Shop.
 28194 | Orc:2    | Found Gos Ceeh's Distillery.
 28222 | Orc:2    | Found Suniel's Magic Scroll Shop.
 28222 | Orc:2    | Found Tuntyth's Book Boutique.
 28233 | Orc:2    | Bought a potion of heal wounds for 80 gold pieces
 28233 | Orc:2    | Bought 2 potions of heal wounds for 160 gold pieces
 28233 | Orc:2    | Bought a potion of heal wounds for 80 gold pieces
 28233 | Orc:2    | Bought a potion of resistance for 160 gold pieces
 28233 | Orc:2    | Bought a potion of heal wounds for 80 gold pieces
 28233 | Orc:2    | Bought a potion of haste for 160 gold pieces
 28233 | Orc:2    | Bought 2 potions of might for 128 gold pieces
 28237 | Orc:2    | Bought the ring "Jeiseib" {AC+4 Dex+3} for 493 gold pieces
 28498 | Swamp:1  | Entered Level 1 of the Swamp
 28512 | Swamp:1  | Noticed Frances
 28912 | Orc:2    | Bought a shiny helmet for 195 gold pieces
 29193 | Swamp:1  | Killed Frances
 29754 | Swamp:1  | Reached skill level 10 in Dodging
 30950 | Swamp:2  | Identified the +0 robe of the Ladybird {Str+3 Slay+2}
                  | (Okawaru gifted it to you on level 2 of the Swamp)
 30950 | Swamp:2  | Received a gift from Okawaru
 31301 | Swamp:2  | You fall into a shaft and drop 1 floor!
 31301 | Swamp:3  | Found a transporter.
 31414 | Swamp:2  | Reached XP level 17. HP: 145/148 MP: 24/24
 31760 | Swamp:3  | Found a transporter.
 32199 | Swamp:3  | Reached skill level 10 in Invocations
 32750 | Swamp:3  | Received a gift from Okawaru
 32772 | Swamp:3  | Paralysed by a fenstrider witch for 2 turns
 32787 | Swamp:3  | HP: 11/149 [thorn hunter (5)]
 33130 | Swamp:3  | Got Jaerchut's Verses on the Xenomorphic Burn
 33160 | Swamp:4  | Entered Level 4 of the Swamp
 33556 | Swamp:4  | Received a gift from Okawaru
 34199 | Swamp:4  | Got a decaying rune of Zot
 34705 | Vaults:1 | Entered Level 1 of the Vaults
 34739 | Vaults:1 | Reached XP level 18. HP: 158/158 MP: 18/26
 34815 | Vaults:1 | Identified the +1 buckler of Hiozxony {rC+}
 35093 | Vaults:1 | Received a gift from Okawaru
 35189 | Vaults:1 | Noticed Zenata
 35202 | Vaults:1 | Killed Zenata
 35255 | Vaults:1 | Received a gift from Okawaru
 35339 | Vaults:1 | HP: 14/158 [orc knight/+0 battleaxe (25)]
 35351 | Vaults:1 | HP: 4/158 [orc knight/+3 great sword (13)]
 35901 | Vaults:1 | Paralysed by a great orb of eyes for 2 turns
 35953 | Vaults:1 | Reached skill level 15 in Shields
 37156 | Vaults:2 | Identified the +2 pair of gloves of Honour {Drain Str+2
                  | Dex+4} (Okawaru gifted it to you on level 2 of the Vaults)
 37156 | Vaults:2 | Received a gift from Okawaru
 37177 | Vaults:2 | Reached XP level 19. HP: 161/165 MP: 28/28
 38579 | Vaults:2 | Found a staircase to the Crypt.
 38579 | Vaults:2 | Found an ancient bone altar of Kikubaaqudgha.
 38579 | Vaults:2 | Found a basalt altar of Yredelemnul.
 38667 | Vaults:2 | Paralysed by a great orb of eyes for 2 turns
 38695 | Vaults:2 | Reached skill level 20 in Fighting
 38855 | Vaults:2 | Reached skill level 20 in Armour
 39380 | Vaults:3 | Received a gift from Okawaru
 40214 | Vaults:3 | Identified the +0 chain mail "Lunupilu" {Str-3 Dex+3
                  | Stlth+} (Okawaru gifted it to you on level 3 of the Vaults)
 40214 | Vaults:3 | Received a gift from Okawaru
 40412 | Vaults:3 | Reached XP level 20. HP: 99/175 MP: 26/30
 41630 | Vaults:4 | Identified the +9 plate armour of Hedge Wizardry {+Blink
                  | rC- Regen+ Dex+3}
 41716 | Vaults:4 | Noticed Margery
 41747 | Vaults:4 | Killed Margery
 41785 | Vaults:4 | Noticed Jory
 41879 | Vaults:4 | Killed Jory
 42727 | Vaults:4 | Found Zaqay's Jewellery Emporium.
 43054 | Vaults:4 | Noticed Rupert
 43064 | Vaults:4 | Noticed Sojobo
 43070 | Vaults:4 | Killed Rupert
 43098 | Vaults:4 | Paralysed by an air elemental for 1 turns
 43110 | Vaults:4 | Killed Sojobo
 43111 | Vaults:4 | Reached skill level 15 in Invocations
 44012 | Elf:1    | Entered Level 1 of the Elven Halls
 44337 | Elf:1    | Noticed Louise
 44353 | Elf:1    | Killed Louise
 45184 | Elf:2    | Found Ewemanet's General Store.
 45187 | Elf:2    | Bought a scroll of enchant armour for 105 gold pieces
 45214 | Elf:2    | Received a gift from Okawaru
 45314 | Elf:2    | Reached XP level 21. HP: 179/183 MP: 32/32
 45500 | Elf:2    | Noticed Donald
 45514 | Elf:2    | Killed Donald
 45633 | Elf:2    | Found a runed translucent gate.
 45634 | Elf:2    | Found a runed translucent gate.
 45634 | Elf:2    | Found a runed translucent gate.
 45675 | Elf:2    | Received a gift from Okawaru
 46881 | Depths:1 | Entered Level 1 of the Depths
 47021 | Depths:1 | Found a gateway to Hell.
 47079 | Depths:1 | Paralysed by a floating eye for 3 turns
 47114 | Depths:1 | Paralysed by a vampire knight for 2 turns
 47142 | Depths:1 | Found a one-way gate to the infinite horrors of the Abyss.
 47512 | Depths:1 | Noticed Saint Roka
 47558 | Depths:1 | Killed Saint Roka
 47862 | Depths:1 | Found a transporter.
 48535 | Depths:1 | Received a gift from Okawaru
 48829 | Depths:1 | Found a transporter.
 48894 | Depths:2 | Found a one-way gate leading to the halls of Pandemonium.
 49225 | Depths:2 | Identified the +1 ring mail of Gesym Xetz {rElec Int+4}
                  | (Okawaru gifted it to you on level 2 of the Depths)
 49225 | Depths:2 | Received a gift from Okawaru
 49626 | Depths:1 | Reached XP level 22. HP: 150/193 MP: 34/34
 50710 | Depths:1 | Acquired the ring "Zaj Iwna" {Ice MP-9 Slay+6}
 50896 | Depths:2 | Identified the +5 plate armour of Kush {rF- Dex+9} (Okawaru
                  | gifted it to you on level 2 of the Depths)
 50896 | Depths:2 | Received a gift from Okawaru
 51879 | Depths:3 | Noticed Vv
 51909 | Depths:3 | Killed Vv
 51994 | Depths:3 | Noticed a golden dragon
 52005 | Depths:3 | Killed a golden dragon
 52490 | Depths:3 | Found a corrupted altar of Lugonu.
 52545 | Depths:3 | Noticed Mennas
 52571 | Depths:3 | Killed Mennas
 52972 | Depths:3 | Noticed the Enchantress
 53004 | Depths:3 | Killed the Enchantress
 53084 | Depths:3 | Found a hide-covered altar of Uskayaw.
 53376 | Depths:3 | Identified the +4 glaive "Yhiyneq" {heavy, *Corrode Str+6}
 53398 | Depths:3 | Received a gift from Okawaru
 53524 | Depths:3 | Found the +6 lightning scales {swift, rElec}
 53548 | Depths:3 | Identified the +0 long sword of the Shore {vamp, Dex+5}
 53622 | Depths:3 | Lost mutation: You are frail. (-10% HP) [potion of
                  | mutation]
 53622 | Depths:3 | Lost mutation: You occasionally lose the ability to read
                  | scrolls when taking damage. [potion of mutation]
 53622 | Depths:3 | Gained mutation: You have sharp toenails. [potion of
                  | mutation]
 53622 | Depths:3 | Gained mutation: Your muscles are strong. (Str +4, Int/Dex
                  | -1) [potion of mutation]
 53622 | Depths:3 | Gained mutation: You expend magic power (3 MP) to
                  | strengthen your wands. [potion of mutation]
 53667 | Depths:4 | Entered Level 4 of the Depths
 54000 | Depths:4 | Found Tarphulor's Jewellery Shoppe.
 54078 | Depths:4 | Noticed a caustic shrike
 54082 | Depths:4 | Noticed a caustic shrike
 54084 | Depths:4 | Noticed a caustic shrike
 54084 | Depths:4 | Noticed a caustic shrike
 54099 | Depths:4 | Killed a caustic shrike
 54100 | Depths:4 | Reached XP level 23. HP: 220/225 MP: 19/35
 54107 | Depths:4 | Killed a caustic shrike
 54115 | Depths:4 | Killed a caustic shrike
 54121 | Depths:4 | Killed a caustic shrike
 54121 | Depths:4 | Received a gift from Okawaru
 54354 | Depths:4 | Found a one-way gateway to a ziggurat.
 54443 | Depths:4 | Found a gate to the Realm of Zot.
 54450 | Depths:4 | Noticed a golden dragon
 54453 | Depths:4 | Noticed a golden dragon
 54481 | Depths:4 | Killed a golden dragon
 54489 | Depths:4 | Killed a golden dragon
 54572 | Depths:4 | Noticed a golden dragon
 54581 | Depths:4 | Killed a golden dragon
 54701 | Depths:4 | Identified the +5 chain mail "Woppipp" {rElec rPois rN+
                  | Will+}
 55684 | Snake:1  | Entered Level 1 of the Snake Pit
 55875 | Snake:1  | Identified the +0 scale mail "Quuv" {rElec rN++ Int+3}
                  | (Okawaru gifted it to you on level 1 of the Snake Pit)
 55875 | Snake:1  | Received a gift from Okawaru
 56297 | Snake:1  | Found a snail-covered altar of Cheibriados.
 57394 | Snake:2  | Paralysed by a salamander for 2 turns
 57397 | Snake:2  | Paralysed by a salamander for 5 turns
 57450 | Snake:2  | Found Liblaor's Assorted Antiques.
 57461 | Snake:2  | Bought a scroll of enchant armour for 255 gold pieces
 57671 | Snake:3  | Found Jeefel's Jewellery Shop.
 57693 | Snake:3  | Bought the amulet of Mipp {Reflect rN++ SH+5} for 902 gold
                  | pieces
 57706 | Snake:3  | Found a transporter.
 57707 | Snake:3  | Found a transporter.
 57799 | Snake:3  | Found a transporter.
 57799 | Snake:3  | Found a transporter.
 57980 | Snake:3  | Reached skill level 15 in Dodging
 58074 | Snake:3  | Got the Tractate on Accomplices and Bad Luck
 58247 | Snake:3  | Found a transporter.
 58270 | Snake:3  | Found a transporter.
 58648 | Snake:4  | Entered Level 4 of the Snake Pit
 58882 | Snake:4  | Noticed Aizul
 58925 | Snake:4  | Killed Aizul
 59347 | Snake:3  | Reached XP level 24. HP: 204/236 MP: 26/35
 59454 | Snake:4  | Identified the staff of air "Jouq" {rElec rN++ Will- rCorr
                  | Str+2}
 59788 | Snake:4  | Got a serpentine rune of Zot
 60008 | Snake:4  | Noticed Roxanne
 60030 | Snake:4  | Killed Roxanne
 60186 | Snake:4  | Noticed Bai Suzhen
 60200 | Snake:4  | Killed Bai Suzhen
 60823 | Vaults:5 | Entered Level 5 of the Vaults
 60955 | Vaults:5 | Noticed a dread lich
 60977 | Vaults:5 | Reached skill level 20 in Shields
 61028 | Vaults:5 | Noticed an ancient lich
 61064 | Vaults:5 | HP: 19/237 [yaktaur/bolt[a yaktaur captain] (11)]
 61071 | Vaults:5 | Noticed a dread lich
 61085 | Vaults:5 | Killed a dread lich
 61116 | Vaults:5 | Noticed an ancient lich
 61617 | Vaults:5 | Identified the staff of air "Bohaegge" {rElec Str+4 Int+2
                  | Dex+3}
 61618 | Vaults:5 | Identified the staff of air "Pakhi Bes" {Contam Fragile
                  | rElec Str+8 SInv}
 61830 | Vaults:5 | Identified the +7 plate armour of the Sneaky Mystics {rPois
                  | rC+ SInv}
 62269 | Vaults:5 | Killed an ancient lich
 62383 | Vaults:5 | Received a gift from Okawaru
 62405 | Vaults:5 | Noticed an ancient lich
 62417 | Vaults:5 | Identified the ring "Haemposm" {rC+ Str+2 Dex+6}
 62444 | Vaults:5 | Killed an ancient lich
 62450 | Vaults:5 | Paralysed by something for 5 turns
 62525 | Vaults:5 | Paralysed by something for 5 turns
 62863 | Vaults:5 | Reached XP level 25. HP: 239/247 MP: 26/35
 63348 | Vaults:5 | Killed a dread lich
 63348 | Vaults:5 | Identified the +0 cloak of the Demon Prince {Dex+3}
                  | (Okawaru gifted it to you on level 5 of the Vaults)
 63348 | Vaults:5 | Received a gift from Okawaru
 63478 | Vaults:4 | Killed an ancient lich
 63729 | Vaults:5 | Got the Anthology of Geomancy and Transformation
 63734 | Vaults:5 | Got a silver rune of Zot
 63947 | Vaults:5 | Found the +2 cloak of the Thief {*Fog Slay-2 SInv Stlth+}
 64300 | Zot:1    | Entered Level 1 of the Realm of Zot
 65174 | Snake:3  | Bought the ring of Fischimu {Fire Contam Str+2 Int+2
                  | Slay+5} for 1060 gold pieces
 66867 | Zot:1    | Received a gift from Okawaru
 68594 | Zot:4    | Reached XP level 26. HP: 184/259 MP: 30/35
 68983 | Zot:5    | Entered Level 5 of the Realm of Zot
 69034 | Zot:5    | Noticed a Killer Klown
 69048 | Zot:5    | Killed a Killer Klown
 69164 | Zot:5    | Noticed a Killer Klown
 69171 | Zot:5    | Killed a Killer Klown
 69172 | Zot:5    | Noticed a Killer Klown
 69172 | Zot:5    | Noticed an orb of fire
 69172 | Zot:5    | Noticed a Killer Klown
 69192 | Zot:5    | Killed an orb of fire
 69212 | Zot:5    | Killed a Killer Klown
 69227 | Zot:5    | Killed a Killer Klown
 69250 | Zot:5    | Noticed an orb of fire
 69254 | Zot:5    | Noticed an orb of fire
 69260 | Zot:5    | Noticed a dread lich
 69261 | Zot:5    | Noticed a Killer Klown
 69263 | Zot:5    | Gained mutation: You are vulnerable to heat. (rF-) [an orb
                  | of fire]
 69264 | Zot:5    | Killed an orb of fire
 69265 | Zot:5    | Noticed a Killer Klown
 69266 | Zot:5    | Noticed a Killer Klown
 69636 | Zot:5    | Killed a Killer Klown
 69639 | Zot:5    | Identified the +0 chain mail of Lanoytin {Str+4} (Okawaru
                  | gifted it to you on level 5 of the Realm of Zot)
 69639 | Zot:5    | Received a gift from Okawaru
 69774 | Zot:5    | Noticed a Killer Klown
 69794 | Zot:5    | Killed a Killer Klown
 69841 | Zot:5    | Paralysed by something for 4 turns
 69844 | Zot:5    | Killed a dread lich
 69858 | Zot:5    | Killed a Killer Klown
 69974 | Zot:5    | Got the Orb of Zot
 70640 | D:9      | Noticed a seraph
 70835 | D:2      | Noticed Nomop the pandemonium lord
 70968 | D:$      | Escaped with the Orb!

Illustrated notes

Levels and vault maps discovered:
D:1:      kilobyte_arrival_exit_the_forest, layout_basic
D:2:      layout_loops_ring, shapermc_ecumenical_altar_pompeii, basic_altar,
          uniq_sigmund, uniq_natasha, uniq_crazy_yiuf_cottage
D:3:      layout_basic, amcnicky_altar_gilded, minmay_misc_feat_columns,
          uniq_jessica, uniq_robin
D:4:      minmay_bubble_buster, layout_basic
D:5:      layout_cave_pods, gup_ossuary_entry_pyramid
D:6:      layout_rooms, gup_sewer_entry_bowl, minmay_misc_feat_encased,
          uniq_pikel
D:7:      layout_basic, grunt_temple_overflow_open, minmay_temple_entry_hall,
          enter_bailey_5, dreamdust_princess_bridge, grunt_ogre_cave,
          guppyfry_early_elven_hall, uniq_menkaure
D:8:      layout_cave_pools
D:9:      gammafunk_the_bubble [the_bubble_gammafunk_split],
          layout_irregular_city, dpeg_lair_monsters, orc_0_dummy, st_stairs_5,
          nicolae_eternal_life
D:10:     layout_stronghold, item_on_display_a
D:11:     layout_big_octagon
D:12:     layout_small_grid
D:13:     layout_gridville, skrybe_vaults_entry_preservation,
          minmay_shattered_shrine, uniq_urug
D:14:     layout_irregular_city, minmay_curled_crystal,
          makhleb_altar_promises_db
D:15:     hangedman_depths_entry_try_elsewhere_first, layout_cave_pools,
          minmay_misc_feat_hallway
Temple:   nicolae_temple_ecumenical_triangle
Lair:1:   layout_gridlike, serial_bayou_shore_b
Lair:2:   gammafunk_lair_enchanted_lake, layout_chaotic_city,
          nicolae_swamp_entry_spooky, nicolae_snake_entry_warm_welcome,
          lemuel_fruit_tree, serial_bayou_shore_a
Lair:3:   layout_roguey, infiniplex_staircase_pool_2
Lair:4:   cheibrodos_lair_river_kwai, layout_regular_city, slime_entry_1,
          st_stairs_8, grunt_megastairs_5
Lair:5:   wormcave, layout_misc_corridors, guppyfry_lair_end_dragon,
          special_room [special_room_jelly], st_stairs_3, serial_bayou_shore_b
Swamp:1:  layout_falls_marsh, evilmike_swamp_ruin_house_3,
          nicolae_swamp_soggy_hallways, uniq_frances
Swamp:2:  nicolae_swamp_ascending_descending, layout_falls_marsh,
          evilmike_swamp_ruin_house_4, infiniplex_staircase_pool
Swamp:3:  gammafunk_sealed_arena, layout_basic_swamp, evilmike_swamp_ruin_wall
Swamp:4:  swamp_basic_johnstein, layout_basic_swamp
Snake:1:  layout_concentric_octagons, basic_altar, serial_bayou_pond_a,
          grunt_megastairs_2
Snake:2:  layout_rooms, minmay_shop_star
Snake:3:  layout_grid_maze, serial_shops, shop, serial_nicolae_subway,
          nicolae_sub_station_stone, nicolae_sub_station_metal,
          nicolae_sub_station_crystal
Snake:4:  hellmonk_snake_rune_quicksilver_temple, layout_misc_corridors,
          uniq_aizul, uniq_bai_suzhen, uniq_roxanne
Orc:1:    layout_diamond_mine, basic_altar, serial_shops,
          nicolae_shop_getting_attention, uniq_harold
Orc:2:    st_orc_pillars, layout_caves, serial_shops, shop, abandoned_shop
Elf:1:    layout_loops_cross, minmay_elf_sorcery, minmay_misc_feat_rows,
          nicolae_twisting_strands, uniq_louise
Elf:2:    nicolae_elf_blades_crystal_corner, layout_geoelf_grid, serial_shops,
          nicolae_shop_real_fake_doors, nicolae_elf_martial_mastery, uniq_donald
Vaults:1: nicolae_vaults_heart-shaped_vault, vaults_mumra_minichess,
          nicolae_vaults_corridor_and_loot_room,
          nicolae_vaults_offset_grid_hallway_4, v_rooms_2, v_misc_22,
          hangedman_vaults_corner, nicolae_vaults_closet_pinwheel_5,
          vaults_mumra_hex, vaults_dpeg_doors,
          nicolae_vaults_trapezoid_lopsided_1, nicolae_vaults_bisected_slash,
          nicolae_vaults_little_squares_3, nicolae_vaults_house_1,
          layout_vaults_maze, uniq_zenata
Vaults:2: hangedman_vaults_maws, vaults_mumra_minichess_inversion,
          nicolae_vaults_tetromino_T_2, nicolae_vaults_cochlea,
          hangedman_vaults_hard_town_square, hangedman_vaults_nails,
          nicolae_vaults_specimen_jars, nicolae_vaults_weapon_check,
          nicolae_vaults_ninety_degrees, nicolae_vaults_closet_pinwheel_1,
          nicolae_vaults_tetromino_T_2, nicolae_vaults_storage_room_water,
          nicolae_vaults_variable_pillar_hall, nicolae_vaults_double_plus_2,
          minmay_crypt_entry_necro_gods, layout_vaults_omnicross
Vaults:3: nicolae_vaults_ellipses_ellipsis,
          vaults_room_grunt_arrival_checkpoint, vaults_dpeg_diagonal,
          nicolae_vaults_angled_halls, ontoclasm_vaults_misaligned,
          vaults_dpeg_encased_lava, layout_vaults_chaotic_city
Vaults:4: v_misc_33, hangedman_vaults_stream,
          nicolae_vaults_door_testing_chamber, nicolae_vaults_yaktaur_gun_rack,
          hangedman_vaults_capsules, sword_in_stone,
          nicolae_vaults_network_square, nicolae_vaults_asterisk,
          nicolae_vaults_tetromino_T_1, layout_vaults_omnigrid, serial_shops,
          shop, uniq_margery, uniq_jory
Vaults:5
Depths:1: layout_long_grid, serial_bayou_shore_b, hell_entry,
          hangedman_abyss_entry_splay, nicolae_diode_stairs, grunt_megastairs_1,
          uniq_saint_roka
Depths:2: minmay_the_grid_square_5x5_4x4_mashed
          [minmay_the_grid_square_5x5_doubleslash,
          minmay_the_grid_square_5x5_three_small,
          minmay_the_grid_square_5x5_tri_point,
          minmay_the_grid_square_5x5_half_checkered,
          minmay_the_grid_square_5x5_intrusive_squares,
          minmay_the_grid_square_5x5_prize_itemx,
          minmay_the_grid_square_5x5_prize_junk,
          minmay_the_grid_square_5x5_comb,
          minmay_the_grid_square_5x5_two_walls_b,
          minmay_the_grid_square_5x5_prize_pseudospiral,
          minmay_the_grid_square_5x5_prize_gold,
          minmay_the_grid_square_5x5_percent,
          minmay_the_grid_square_5x5_inverted_slash,
          minmay_the_grid_square_5x5_hourglass,
          minmay_the_grid_square_5x5_eight_small,
          minmay_the_grid_square_5x5_two_small], layout_cave_pools,
          minmay_misc_feat_enclosed, pan_entry, hellmouth_1,
          infiniplex_staircase_x
Depths:3: dreamdust_tengu_aerie, layout_small_grid, abyss_entry_flame_altar,
          hell_entry, nicolae_danse_macabre, serial_bayou_shore_b,
          firewood_loft, uniq_enchantress, uniq_vv, uniq_mennas
Depths:4: grunt_zot_entry_bicorn, layout_honeycomb, ziggurat_fallback,
          serial_shops, shop, lightli_too_deep, drop_trap, grunt_megastairs_4
Zot:1:    layout_cathedral_of_symmetry
Zot:2:    layout_onion
Zot:3:    layout_cathedral_of_symmetry, ebering_ghost_xom, skrybe_zot_glass_2
Zot:4:    layout_gridlike, grunt_ministairs_10
Zot:5:    layout_gridlike, nicolae_diode_basic

Skill      XL: |  1  2  3  4  5  6  7  8  9 10 11 12 13 14 15 16 17 18 19 20 21 22 23 24 25 26 |
---------------+-------------------------------------------------------------------------------+-----
Fighting       | 4 5 6 8 9 11 12 14 15 16 17 18 19 20 21 22 23 24 25 26 | 26.4
Armour         | 4 5 6 7 8 10 11 12 13 15 16 18 19 20 21 22 23 24 25 26 | 26.8
Dodging        | 1 2 3 4 5 6 7 8 9 10 11 12 13 14 15 16 17 | 17.7
Polearms       | 3 4 7 10 11 | 11.1
Shields        | 4 5 6 7 8 9 10 11 12 13 14 15 16 17 18 19 20 21 22 | 22.6
Axes           | 2 4 5 7 8 |  8.2
Invocations    | 3 7 9 11 12 14 15 16 17 | 17.2

Action                     |  1- 3 |  4- 6 |  7- 9 | 10-12 | 13-15 | 16-18 | 19-21 | 22-24 | 25-27 || total
---------------------------+-------+-------+-------+-------+-------+-------+-------+-------+-------++-------
  Melee: Trident           |    62 |    51 |       |       |       |       |       |       |       ||   113
         Broad axe         |       |    69 |   286 |   174 |       |       |       |       |       ||   529
         Lance             |       |       |       |   455 |  1686 |  1827 |  1898 |  1937 |  1011 ||  8814
 Invoke: Heroism           |       |       |       |    13 |    20 |    22 |    20 |    16 |    10 ||   101
         Finesse           |       |       |       |     3 |     6 |    16 |    16 |    13 |     7 ||    61
  Evoke: Wand              |       |       |       |     2 |     3 |       |       |       |       ||     5
    Use: Potion            |     2 |     1 |     2 |     3 |     6 |    18 |     5 |    23 |     5 ||    65
         Scroll            |     1 |     5 |    13 |    15 |     5 |     4 |     2 |    18 |     8 ||    71
   Stab: Paralysed         |       |       |       |     3 |       |       |       |       |       ||     3
 Armour: Scale mail        |    22 |    25 |       |       |       |       |       |       |       ||    47
         Chain mail        |       |    15 |   142 |    24 |       |       |       |       |       ||   181
         Plate armour      |       |       |       |   248 |   341 |       |       |       |       ||   589
         Crystal plate arm |       |       |       |       |   220 |   840 |   811 |   644 |   330 ||  2845
         Gold dragon scale |       |       |       |       |       |       |       |       |    12 ||    12
  Dodge: Dodged            |    33 |   116 |   243 |   351 |   668 |   486 |   469 |   291 |   139 ||  2796
         Repelled          |       |       |       |       |     8 |    10 |    14 |     7 |       ||    39
  Block: Buckler           |    20 |    35 |    88 |   169 |   342 |   395 |   492 |    70 |       ||  1611
         Tower shield      |       |       |       |       |       |       |       |  1104 |   791 ||  1895
         Reflection        |       |       |       |       |       |       |       |    86 |    59 ||   145
